 Dungeon Crawl Stone Soup version 0.19-a0-1886-gd64a0f0 (webtiles) character file.

50 JeffiDaFish the Conjurer (level 3, -10/26 HPs)
             Began as a Draconian Conjurer on Oct 16, 2016.
             Mangled by a gnoll
             ... wielding a +0 halberd
              (11 damage)
             ... on level 2 of the Dungeon.
             The game lasted 00:05:32 (1752 turns).

JeffiDaFish the Conjurer (Draconian Conjurer)       Turns: 1752, Time: 00:05:33

Health: -10/26     AC:  6    Str: 11    XL:     3   Next: 55%
Magic:  1/6        EV: 12    Int: 15    God:
Gold:   74         SH:  0    Dex: 13    Spells: 3 memorised, 0 levels left

rFire  . . .     SeeInvis .     f - +1 short sword
rCold  . . .     Gourm    .     (armour unavailable)
rNeg   . . .     Faith    .     (no shield)
rPois  .         Spirit   .     (helmet restricted)
rElec  .         Dismiss  .     (no cloak)
rCorr  .         Reflect  .     d - +0 pair of gloves
MR     .....     Harm     .     (no boots)
Stlth  ++........               (no amulet)
                                (no ring)
                                (no ring)

@: no status effects
A: unfitting armour, agile 1, sense surroundings 1, cold-blooded, AC +5
a: no special abilities


You were on level 2 of the Dungeon.
You were not hungry.

You visited 1 branch of the dungeon, and saw 2 of its levels.

You collected 74 gold pieces.

Inventory:

Hand Weapons
 f - a +1 short sword (weapon)
Armour
 d - a +0 pair of gloves (worn)
Scrolls
 g - a scroll of enchant weapon
Potions
 e - a potion of agility
Books
 a - a book of Conjurations

   Spells                             Type                      Level
   a - Magic Dart                     Conjuration                  1
   b - Searing Ray                    Conjuration                  2
   c - Dazzling Spray                 Conjuration/Hexes            3
   d - Fulminant Prism                Conjuration/Hexes            4
   e - Iskenderun's Mystic Blast      Conjuration                  4
   f - Iskenderun's Battlesphere      Conjuration/Charms           5
Comestibles
 b - 2 bread rations
 c - a meat ration


   Skills:
 + Level 1.8 Dodging
 + Level 2.1 Stealth
 + Level 1.0 Unarmed Combat
 + Level 2.1 Spellcasting
 + Level 4.8 Conjurations


You couldn't memorise any spells.
You knew the following spells:

 Your Spells              Type           Power        Failure   Level  Hunger
a - Magic Dart            Conj           ###.         3%          1    #......
b - Searing Ray           Conj           ###...       6%          2    ###....
c - Dazzling Spray        Conj/Hex       #.....       30%         3    ###....


Dungeon Overview and Level Annotations

Branches:
Dungeon (2/15)

Altars:


Innate Abilities, Weirdness & Mutations

Your plain brown scales are hard. (AC +5)
You cannot fit into any form of body armour.
You are cold-blooded and may be slowed by cold attacks.
You are agile. (Dex +2)
You passively map a small area around you.


Message History

The gnoll is severely wounded.
The gnoll misses you. The gnoll completely misses you.
The gnoll hits you but does no damage.
You hit the gnoll but do no damage.
The gnoll is severely wounded.
The gnoll hits you from afar with a spear.
The gnoll hits you with a halberd.
* * * LOW HITPOINT WARNING * * *
The gnoll hits you from afar with a halberd.
* * * LOW HITPOINT WARNING * * *
You closely miss the gnoll.
The gnoll is severely wounded.
The gnoll hits you but does no damage. The gnoll barely misses you. x2
You hit the gnoll.
The gnoll is almost dead.
The gnoll misses you. The gnoll barely misses you.
You closely miss the gnoll.
The gnoll is almost dead.
The gnoll hits you from afar with a halberd!
You die...

#....# , #....# * #
#....# #.#####....####
#.#............*
#...........##. *
###.###gg..?# #.#
#g###.#*, *
############.# #@# .#*
* #............###.#
*,#* ,
##.########......# *
#.# #..<##......# #.#
#.####......# , * #.#
#....#.(....# * #.#
####.#......####.#. *
#.#####................
#...............##* ,


You could see 3 gnolls.

Vanquished Creatures
  A gnoll (D:2)
  4 dart slugs (D:1)
  A leopard gecko (D:1)
  3 giant cockroaches (D:1)
  4 hobgoblins (D:1)
  A kobold (D:1)
  5 bats (D:1)
  3 frilled lizards
  5 goblins (D:1)
  5 rats (D:1)
32 creatures vanquished.

Notes
Turn   | Place    | Note
-------+----------+-------------------------------------------
     0 | D:1      | JeffiDaFish the Draconian Conjurer began the quest for the Orb.
     0 | D:1      | Reached XP level 1. HP: 14/14 MP: 3/3
   326 | D:1      | Reached XP level 2. HP: 10/20 MP: 0/5
   334 | D:1      | Learned a level 2 spell: Searing Ray
   843 | D:1      | Reached XP level 3. HP: 23/26 MP: 3/6
   876 | D:1      | Learned a level 3 spell: Dazzling Spray
   892 | D:1      | Gained mutation: You passively map a small area around you. [potion of beneficial mutation]
   893 | D:1      | Gained mutation: You are agile. (Dex +2) [potion of beneficial mutation]
  1733 | D:2      | Reached skill level 1 in Unarmed Combat
  1749 | D:2      | HP: 1/26 [gnoll/halberd (6)]
  1752 | D:2      | Mangled by a gnoll

Vault maps used:
D:1:      roderic_lyre

Skill      XL: |  1  2  3 |
---------------+----------+-----
Stealth        | 2 |  2.1
Unarmed Combat | 1 |  1.0
Dodging        | |  1.8
Spellcasting   | |  2.1
Conjurations   | |  4.8

Action                   || total
-------------------------++-------
Melee: Unarmed           ||    35
       Tailslap          ||     4
       Short sword       ||     9
 Cast: Magic Dart        ||    60
  Use: Potion            ||     6
       Scroll            ||     5
 Stab: Sleeping          ||     3
  Eat: Chunk             ||     2
       Bread ration      ||     1
Armor: Skin              ||    14
Dodge: Dodged            ||    34
